 Dungeon Crawl Stone Soup version 0.25-a0-571-gb5e01bddfa (webtiles) character file.

Game seed: 328206148539493978, levelgen mode: deterministic

4 Stribog the Ducker (level 1, -2/17 HPs)
             Began as a Ghoul Gladiator on Feb 29, 2020.
             Slain by a leopard gecko (4 damage)
             ... on level 1 of the Dungeon.
             The game lasted 00:03:46 (59 turns).

Stribog the Ducker (Ghoul Gladiator)                  Turns: 59, Time: 00:03:47

Health: -2/17      AC:  4    Str: 17    XL:     1   Next: 60%
Magic:  0/0        EV: 12    Int:  3    God:
Gold:   7          SH:  0    Dex: 10    Spells: 0/0 levels left

rFire    . . .     SeeInvis .   a - +0 rapier
rCold    + . .     Gourm    .   (no shield)
rNeg     + + +     Faith    .   b - +0 leather armour
rPois    ∞         Spirit   .   c - +0 helmet
rElec    .         Reflect  .   (no cloak)
rCorr    .         Harm     .   (no gloves)
MR       .....                  (no boots)
Stlth    +.........             (no amulet)
HPRegen  0.00/turn              (no ring)
MPRegen  0.07/turn              (no ring)

@: rotting
A: rotting body, claws 1, carnivore, cold resistance 1, negative energy
resistance 3, inhibited regeneration, torment resistance, unbreathing
a: no special abilities


You were on level 1 of the Dungeon.
You were not hungry.

You visited 1 branch of the dungeon, and saw 1 of its levels.

You collected 7 gold pieces.

Inventory:

Hand Weapons
 a - a +0 rapier (weapon)
Missiles
 d - 3 throwing nets (quivered)
Armour
 b - a +0 leather armour (worn)
 c - a +0 helmet (worn)
Comestibles
 f - a ration


   Skills:
 + Level 2.2 Fighting
 + Level 2.8 Short Blades
 + Level 1.8 Throwing
 + Level 2.8 Dodging


You couldn't memorise any spells.
You didn't know any spells.
Your spell library was empty.

Dungeon Overview and Level Annotations

Branches:
Dungeon (1/15)

Altars:


Innate Abilities, Weirdness & Mutations

Your body is rotting away.
You thrive on raw meat.
You are immune to poison.
You have sharp fingernails.
You are carnivorous and can eat meat at any time.
Your flesh is cold resistant. (rC+)
You are immune to negative energy. (rN+++)
You do not regenerate when monsters are visible.
You are immune to unholy pain and torment.
You can survive without breathing.


Message History

The leopard gecko bites you.
* * * LOW HITPOINT WARNING * * *
The rat misses you. The leopard gecko barely misses you.
You closely miss the rat. The rat barely misses you.
The leopard gecko closely misses you. The rat bites you but does no damage.
You hit the rat but do no damage. The leopard gecko closely misses you.
The rat barely misses you.
You hit the rat but do no damage.
The leopard gecko bites you but does no damage.
The rat closely misses you.
The leopard gecko bites you but does no damage.
You hit the rat.
You kill the rat!
The leopard gecko bites you.
* * * LOW HITPOINT WARNING * * *
You hit the leopard gecko.
The leopard gecko is heavily wounded.
The leopard gecko bites you.
You die...

....# .....#
#.........#
##...........##
##......#......## #
##......# #......##
.# ##......#
#......##.# #
#......# #..l[..#.#
#.# ......#
##.@.....#...#
..<..## ##..>.....#
......##
##.......#....
#......##
##......#.# ...
##......##
##......##.# ..
##......###......##
.#
##....†.#......## #
##...........##
##.........##


You could see a leopard gecko.

Vanquished Creatures
  A leopard gecko (D:1)
  A bat (D:1)
  A frilled lizard (D:1)
  A rat (D:1)
4 creatures vanquished.

Notes
Turn   | Place    | Note
-------+----------+-------------------------------------------
     0 | D:1      | Stribog the Ghoul Gladiator began the quest for the Orb.
     0 | D:1      | Reached XP level 1. HP: 17/17 MP: 0/0
    59 | D:1      | Slain by a leopard gecko

Levels and vault maps discovered:
D:1:      dpeg_arrival_central, layout_basic, minmay_tromino_v4_c

Action                   || total
-------------------------++-------
Melee: Rapier            ||    22
Armor: Leather armour    ||    13
Dodge: Dodged            ||    28

Table legend:
 A = Non-vault XP
 B = Vault XP
 C = Vault XP percentage of total XP
 D = Non-vault monster count
 E = Vault monster count
 F = Vault count percentage of total count
                 A         B        C        D         E       F
            +---------+---------+-------+---------+---------+-------
      Total |       6 |       0 |   0.0 |       4 |       0 |   0.0
            +---------+---------+-------+---------+---------+-------
        D:1 |       6 |       0 |   0.0 |       4 |       0 |   0.0
            +---------+---------+-------+---------+---------+-------
